cohdb
Replays
Latest Replays
All Replays
Popular Replays
Top Player Replays
Match Explorer
How It Works
Community
CoH3 Stats
Reddit
Sign in to upload your games and track your stats! →
Sign in with Steam
Match 41851331
Unlisted
Match 41851331
Overview
Messages
Build Orders
End
Construct Section Command Post
Selects Canadian Shock Battlegroup
Royal Engineer Section
Infantry Section
Vickers Machine Gun Team
ML 3-inch Mortar Team
Infantry Section
Selects Attacking Spirit
Selects Canadian Shock Section
Construct Platoon Command Post
Unlock Bishop Self-propelled Artillery
Canadian Shock Section
Selects Burnout
Grenade Package
Bishop Self-propelled Artillery
Construct Company Command Post
Canadian Shock Section
Crusader II Medium Tank
Crusader II Medium Tank
Selects Smoke Operation
Selects Pyrotechnics
6-pounder Anti-tank Gun Team
Crusader II Medium Tank
Selects Demolition Engineering
Burnout
Crusader II Medium Tank
Foot Guards Section
Crusader II Medium Tank
Crusader II Medium Tank
Crusader II Medium Tank
matjouz
Sarmynation
Difichento
Click
0
0
Comments
sign in to comment!
No comments posted yet!